 Dungeon Crawl Stone Soup version 0.31.0-9-g3a7656b989 (webtiles) character file.

Game seed: 16951893442413753861

35 qw the Shooter (level 3, 0/20 HPs)
             Began as a Deep Elf Hunter on Feb 2, 2024.
             Succumbed to their own poison gas
             ... on level 1 of the Dungeon.
             The game lasted 00:00:02 (743 turns).

qw the Shooter (Deep Elf Hunter)                     Turns: 743, Time: 00:00:03

Health: 0/20       AC:  3    Str: 10    XL:     3   Next: 17%
Magic:  5/5        EV: 12    Int: 13    God:
Gold:   55         SH:  0    Dex: 18    Spells: 2/2 levels left

rFire   . . .        a - +0 shortbow
rCold   . . .        (shield currently unavailable)
rNeg    . . .        c - +0 leather armour
rPois   .            (no helmet)
rElec   .            (no cloak)
rCorr   +            (no gloves)
SInv    .            (no boots)
Will    .....        d - amulet of regeneration
Stlth   ++           e - ring of resist corrosion
HPRegen 1.03/turn    (no ring)
MPRegen 0.09/turn

%: no passive effects
@: mighty, lethally poisoned (0 -> -2)
A: no striking features
a: no special abilities


You were on level 1 of the Dungeon.
You visited 1 branch of the dungeon, and saw 1 of its levels.

You collected 55 gold pieces.


   Skills:
 - Level 1.5 Fighting
 + Level 6.8 Ranged Weapons
 - Level 2.4 Dodging
 - Level 1.2 Stealth


You had 2 spell levels left.
You didn't know any spells.
Your spell library was empty.

Inventory:

Hand Weapons
 a - a +0 shortbow (weapon)
Armour
 c - a +0 leather armour (worn)
Jewellery
 d - an amulet of regeneration (around neck)
 e - a ring of resist corrosion (left hand)
Potions
 h - a potion of heal wounds
 i - a potion of might
 j - a potion of magic {unknown}

Dungeon Overview and Level Annotations

Branches:
Dungeon (1/15)

Altars:


Message History

733 ||| DROPPING ring of flight.
You drop a ring of flight.
Done exploring.
734 ||| READING 2 scrolls labelled RUCURCHECIF.
The air fills with toxic fumes!
As you read the scroll labelled RUCURCHECIF, it crumbles to dust.
It was a scroll of poison.
Done exploring.
735 ||| DRINKING 2 emerald potions.
It was a potion of heal wounds.
You feel much better.
Done exploring.
736 ||| DRINKING 2 amethyst potions.
It was a potion of might.
You feel very mighty all of a sudden.
Done exploring.
737 ||| DROPPING scroll of butterflies.
You drop a scroll of butterflies.
Done exploring.
738 ||| DROPPING scroll of poison.
You drop a scroll of poison.
Done exploring.
What level of the Dungeon? (default 1, ? - help) Sorry, I don't know how to get there.
Enter note:
Enter note:
Enter note:
Enter note:
Enter note:
Enter note:
Enter note:
Enter note:
Enter note: You are engulfed in poison gas.
You are poisoned.
You feel very sick.
740 ||| Stepping ~*~*~tactically~*~*~ (cloud).
You feel very sick.
Things that are here:
a scroll of poison; a scroll of butterflies; a ring of flight
There is a lethal amount of poison in your body!
You feel very sick.
There is a lethal amount of poison in your body!
You feel sick.
There is a lethal amount of poison in your body!
You die...

.# ## ###########
##########¤¤000¤@¤0#
.7....7..#########¤#
..........## ##.#
..7......<.### ##..####
............~###......#
.............##..#..#.#
.............7##.#.#..#
.............7 #...##.#
.}.....7.....###..##..#


There were no monsters in sight!

Vanquished Creatures
  2 dart slugs (D:1)
  2 endoplasms (D:1)
  A giant cockroach (D:1)
  4 hobgoblins (D:1)
  5 jackals (D:1)
  2 kobolds (D:1)
  3 ball pythons (D:1)
  4 bats (D:1)
  2 frilled lizards (D:1)
  3 goblins (D:1)
28 creatures vanquished.

Notes
Turn   | Place    | Note
-------+----------+-------------------------------------------
     0 | D:1      | qw the Deep Elf Hunter began the quest for the Orb.
     0 | D:1      | Reached XP level 1. HP: 12/12 MP: 3/3
     0 | D:1      | 0 ||| qw: Version: 0.3-a-155-g5e7d8dd
     0 | D:1      | 0 ||| qw: Game counter: 100
     0 | D:1      | 0 ||| qw: Melee chars always use a shield: true
     0 | D:1      | 0 ||| qw: God list: Okawaru
     0 | D:1      | 0 ||| qw: Allow faded altars: false
     0 | D:1      | 0 ||| qw: Do Orc after clearing Dungeon:15 true
     0 | D:1      | 0 ||| qw: Do second Lair branch before Depths: true
     0 | D:1      | 0 ||| qw: Lair rune preference: random
     0 | D:1      | 0 ||| qw: Goals: Normal
     0 | D:1      | 0 ||| PLANNING D:1-11
   106 | D:1      | Reached skill level 6 in Ranged Weapons
   106 | D:1      | Reached XP level 2. HP: 12/16 MP: 4/4
   483 | D:1      | Reached XP level 3. HP: 20/20 MP: 5/5
   727 | D:1      | 727 ||| UPGRADING to amulet of regeneration.
   732 | D:1      | 732 ||| UPGRADING to ring of resist corrosion.
   733 | D:1      | 733 ||| DROPPING ring of flight.
   734 | D:1      | 734 ||| READING 2 scrolls labelled RUCURCHECIF.
   735 | D:1      | 735 ||| DRINKING 2 emerald potions.
   736 | D:1      | 736 ||| DRINKING 2 amethyst potions.
   737 | D:1      | 737 ||| DROPPING scroll of butterflies.
   738 | D:1      | 738 ||| DROPPING scroll of poison.
   740 | D:1      | 740 ||| Stepping ~*~*~tactically~*~*~ (cloud).
   740 | D:1      | HP: 4/20 [poisoned by you (poison gas)]
   742 | D:1      | HP: 1/20 [poisoned by you (poison gas)]
   743 | D:1      | Succumbed to their own poison gas

Levels and vault maps discovered:
D:1:      nzn_arrival_settlement, layout_loops_cross, minmay_pentomino_r4

Skill      XL: |  1 |
---------------+----+-----
Ranged Weapons | 6 |  6.8
Fighting       | |  1.5
Dodging        | |  2.4
Stealth        | |  1.2

Action                     || total
---------------------------++-------
   Fire: Shortbow          ||   102
    Use: Potion            ||     2
         Scroll            ||     1
 Armour: Leather armour    ||    39
  Dodge: Dodged            ||    57

Table legend:
 A = Non-vault XP
 B = Vault XP
 C = Vault XP percentage of total XP
 D = Non-vault monster count
 E = Vault monster count
 F = Vault count percentage of total count
                 A         B        C        D         E       F
            +---------+---------+-------+---------+---------+-------
      Total |      46 |       5 |   9.8 |      24 |       4 |  14.3
            +---------+---------+-------+---------+---------+-------
        D:1 |      46 |       5 |   9.8 |      24 |       4 |  14.3
            +---------+---------+-------+---------+---------+-------
